 Dungeon Crawl Stone Soup version 0.18-a0-1180-g64ccc1e (webtiles) character file.

262 Minkie the Ruffian (level 5, -4/53 HPs)
             Began as a Troll Monk on Jan 27, 2016.
             Slain by Hamishm's ghost (9 damage)
             ... on level 4 of the Dungeon.
             The game lasted 00:08:11 (2607 turns).

Minkie the Ruffian (Troll Monk)                     Turns: 2607, Time: 00:08:11

Health: -4/53      AC:  5    Str: 19    XL:     5   Next: 97%
Magic:  4/4        EV: 11    Int:  6    God:
Gold:   207        SH:  0    Dex: 13    Spells: 0 memorised, 4 levels left

rFire  . . .     SeeInvis .       - Unarmed
rCold  . . .     Gourm    +     a - +0 robe
rNeg   . . .     Faith    .     (no shield)
rPois  .         Spirit   .     (helmet restricted)
rElec  .         Dismiss  .     (no cloak)
rCorr  .         Reflect  .     (gloves unavailable)
SustAt .         Harm     .     (boots unavailable)
MR     .....                    (no amulet)
Stlth  ..........               A - ring of loudness (curse)
                                l - +1 ring of slaying

@: not resistant to hostile enchantments, extremely unstealthy
A: unfitting armour, claws 3, fast metabolism 3, gourmand, regeneration 2,
shaggy fur 1, tough skin 2
a: no special abilities


You were on level 4 of the Dungeon.
You were very full.

You visited 1 branch of the dungeon, and saw 4 of its levels.

You collected 207 gold pieces.

Inventory:

Missiles
 h - 47 bolts
 n - 16 poisoned needles
 w - 4 large rocks (quivered)
 y - 17 arrows of flame
Armour
 a - a +0 robe (worn)
Jewellery
 l - a +1 ring of slaying (left claw)
 A - a cursed ring of loudness (right claw)
Wands
 u - a wand of slowing (12/48)
Scrolls
 c - 2 scrolls of amnesia {unknown}
 d - 5 scrolls of blinking {unknown}
 g - a scroll of enchant armour {unknown}
 i - a scroll of recharging {unknown}
 j - 2 scrolls of remove curse {unknown}
 p - 4 scrolls of teleportation {unknown}
 q - 2 scrolls of enchant weapon {unknown}
 r - a scroll of fog {unknown}
 t - 6 scrolls of identify {unknown}
Potions
 e - a potion of brilliance {unknown}
 f - a potion of lignification {unknown}
 k - 2 potions of mutation {unknown}
 m - 2 potions of heal wounds {unknown}
 s - 2 potions of might {unknown}
 v - a potion of curing {unknown}
Comestibles
 b - 4 bread rations
 o - a meat ration
 x - a slice of pizza
 z - 6 chunks of flesh


   Skills:
 + Level 3.4 Fighting
 + Level 3.6 Dodging
 - Level 1.1 Stealth
 * Level 5.7 Unarmed Combat


You had 4 spell levels left.
You didn't know any spells.

Dungeon Overview and Level Annotations

Branches:
Dungeon (4/15)             Temple (0/1) D:4

Altars:
Cheibriados
Pakellas
Vehumet
Zin

Annotations:
D:4 Hamishm's ghost, novice MiBe


Innate Abilities, Weirdness & Mutations

You are too large for most types of armour.
You have claws for hands.
Your metabolism is lightning-fast.
You like to eat raw meat.
You heal very quickly.
You are covered in fur (AC +1).
You have very tough skin (AC +2).


Message History

Hamishm's ghost hits you!
* * * LOW HITPOINT WARNING * * *
You barely miss Hamishm's ghost.
Hamishm's ghost is severely damaged.
Hamishm's ghost hits you but does no damage.
You scratch Hamishm's ghost but do no damage.
Hamishm's ghost is severely damaged.
Hamishm's ghost hits you.
* * * LOW HITPOINT WARNING * * *
You claw Hamishm's ghost!
Hamishm's ghost is almost destroyed.
Hamishm's ghost hits you but does no damage.
You scratch Hamishm's ghost but do no damage.
Hamishm's ghost is almost destroyed.
Hamishm's ghost hits you!
* * * LOW HITPOINT WARNING * * *
You scratch Hamishm's ghost but do no damage.
Hamishm's ghost is almost destroyed.
Hamishm's ghost hits you!
You die...

####### .......
....... .......
.......###########
.(.....'..@W......
.......#.##.......
.......#.# ...$...
.......#.# .......
.......#.# .......
.......#.# #......
.......#.# ###+##
.......#.# .# #.#
#.#


You could see Hamishm's ghost.

Vanquished Creatures
  An orc wizard (D:3)
  An orc priest (D:3)
  Ijyb (D:2)
  An iguana (D:3)
  A worker ant (D:4)
  6 adders
  An ooze (D:2)
  2 worms (D:4)
  A giant gecko (D:2)
  4 orcs
  2 ball pythons
  2 giant cockroaches (D:2)
  12 goblins
  8 hobgoblins
  3 jackals (D:2)
  2 kobolds
  A quokka (D:2)
  6 bats (D:1)
  5 giant newts
  5 rats
65 creatures vanquished.

Notes
Turn   | Place    | Note
--------------------------------------------------------------
     0 | D:1      | Minkie the Troll Monk began the quest for the Orb.
     0 | D:1      | Reached XP level 1. HP: 22/22 MP: 0/0
   310 | D:1      | Reached XP level 2. HP: 29/29 MP: 1/1
  1011 | D:2      | Reached XP level 3. HP: 36/36 MP: 2/2
  1506 | D:2      | Reached XP level 4. HP: 39/44 MP: 3/3
  1585 | D:2      | Noticed Ijyb
  1591 | D:2      | Killed Ijyb
  1591 | D:2      | Reached skill level 5 in Unarmed Combat
  1904 | D:3      | Found a radiant altar of Vehumet.
  1940 | D:3      | Found an oddly glowing altar of Pakellas.
  2076 | D:3      | Reached XP level 5. HP: 38/53 MP: 4/4
  2302 | D:3      | Found a glowing silver altar of Zin.
  2302 | D:3      | Found a snail-covered altar of Cheibriados.
  2509 | D:4      | Found a staircase to the Ecumenical Temple.
  2591 | D:4      | Noticed Hamishm's ghost (novice MiBe)
  2607 | D:4      | Slain by Hamishm's ghost

Vault maps used:
D:1:      minmay_arrival_widening_spiral_wide, interstate_on_off
D:2:      hangedman_abyss_or_decor_lesser_grid, minmay_misc_feat_pillars,
          uniq_iyjb
D:3:      overflow_temple_1_default, old_standard_altar,
          gammafunk_temple_overflow_pools, first_bread
D:4:      nicolae_overflow_hidden_temple, portal_sewer_entry_e

Action                   |  1- 3 |  4- 6 || total
-------------------------+-------+-------++-------
Melee: Unarmed           |   107 |    86 ||   193
 Stab: Sleeping          |       |     1 ||     1
  Eat: Chunk             |    19 |     9 ||    28
